 Dungeon Crawl Stone Soup version 0.21.0-37-g46506fa5f3 (webtiles) character file.

26 IWannaBeepSomebody the Sneak (level 3, 0/23 HPs)
             Began as an Octopode Arcane Marksman on Jan 30, 2018.
             Slain by an adder (4 damage)
             ... on level 2 of the Dungeon.
             The game lasted 00:08:32 (1095 turns).

IWannaBeepSomebody the Sneak (OpAM)                 Turns: 1095, Time: 00:08:32

Health: 0/23       AC:  1    Str: 10    XL:     3   Next: 8%
Magic:  4/4        EV: 13    Int: 15    God:
Gold:   64         SH:  3    Dex: 15    Spells: 3/4 levels left

rFire    . . .     SeeInvis .   a - +0 dagger
rCold    . . .     Gourm    .   u - +0 buckler
rNeg     . . .     Faith    .   (helmet restricted)
rPois    .         Spirit   .   j - amulet of inaccuracy (curse)
rElec    .         Reflect  .   h - ring of teleportation (curse)
rCorr    .         Harm     .   o - ring of flight
MR       .....     Rnd*Tele +   t - +3 ring of dexterity
Stlth    ++++......             (no ring)
HPRegen  0.07/turn              (no ring)
MPRegen  0.09/turn              (no ring)
                                (no ring)
                                (no ring)

@: lethally poisoned (0 -> -8)
A: almost no armour, stealthy swim, amphibious, 8 rings, constrict 8, camouflage
1, gelatinous body 1
a: Evoke Flight


You were on level 2 of the Dungeon.
You were hungry.

You visited 1 branch of the dungeon, and saw 2 of its levels.

You collected 64 gold pieces.

Inventory:

Hand Weapons
 a - a +0 dagger (weapon)
 b - a +0 hand crossbow
Missiles
 c - 9 bolts
 w - 19 arrows
 x - 10 poisoned needles
Armour
 u - a +0 buckler (worn)
Jewellery
 h - a cursed ring of teleportation (left tentacle)
 j - a cursed amulet of inaccuracy (around mantle)
 o - a ring of flight (right tentacle)
 t - a +3 ring of dexterity (on tentacle)
Scrolls
 m - 4 scrolls of identify
Potions
 l - a potion of flight
 n - 3 potions of magic
Books
 e - a book of Debilitation

   Spells                             Type                      Level
   a - Corona                         Hexes                        1
   b - Slow                           Hexes                        2
   c - Inner Flame                    Hexes/Fire                   3
   d - Portal Projectile              Hexes/Translocation          3
   e - Cause Fear                     Hexes                        4
   f - Leda's Liquefaction            Hexes/Earth                  4
Comestibles
 d - a ration


   Skills:
 - Level 1.0 Fighting
 - Level 2.0 Crossbows
 - Level 2.0 Dodging
 * Level 3.9 Stealth
 - Level 1.0 Spellcasting
 - Level 3.0 Hexes


You had 3 spell levels left.
You knew the following spells:

 Your Spells              Type           Power        Failure   Level  Hunger
a - Corona                Hex            #......      12%         1    ##.....


Dungeon Overview and Level Annotations

Branches:
Dungeon (2/15)

Altars:
Ashenzari


Innate Abilities, Weirdness & Mutations

You cannot wear most types of armour.
You are very stealthy in the water. (Stealth+)
You are amphibious.
You can wear up to eight rings at the same time.
You can use your tentacles to constrict eight enemies at once.
Your skin changes colour to match your surroundings (Stealth+).
Your rubbery body absorbs attacks. (AC +1, EV +1)


Message History

The adder is almost dead.
You are feeling hungry.
The adder bites you.
You are more poisoned.
The adder poisons you! The kobold barely misses you. The adder misses you.
The kobold barely misses you.
All of the chunks of flesh in your inventory have rotted away.
Wield which item (- for none, * to show all)? (? for menu, Esc to quit)
a - a +0 dagger (weapon)
The adder bites you.
You completely miss the adder. Your grab misses the adder.
Your squeeze misses the adder.
The adder is almost dead.
You feel sick. The kobold hits you.
* * * LOW HITPOINT WARNING * * *
The adder completely misses you.
You hit the adder but do no damage. Your grab misses the adder.
The adder is almost dead.
The adder bites you.
You die...

##..(##
##.....##
##.......##
.. #
#.....(...#
...#
+.........+
.##
#.........#
#.
#.......#
+.
##...S.###
.
#....@...#
#.##K###.#
# #. # #.
#. .. .> ..


You could see an adder and a kobold.

Vanquished Creatures
  An ooze (D:1)
  A worm (D:2)
  A leopard gecko (D:1)
  A goblin (D:1)
  3 hobgoblins
  5 bats (D:1)
  A frilled lizard (D:1)
  4 kobolds
17 creatures vanquished.

Vanquished Creatures (others)
  5 toadstools (D:1)
5 creatures vanquished.

Grand Total: 22 creatures vanquished

Notes
Turn   | Place    | Note
-------+----------+-------------------------------------------
     0 | D:1      | IWannaBeepSomebody the Octopode Arcane Marksman began the quest for the Orb.
     0 | D:1      | Reached XP level 1. HP: 13/13 MP: 2/2
    51 | D:1      | Reached skill level 1 in Stealth
   226 | D:1      | Reached XP level 2. HP: 18/18 MP: 3/3
   870 | D:2      | Found a shattered altar of Ashenzari.
   906 | D:2      | Reached XP level 3. HP: 14/23 MP: 4/4
  1095 | D:2      | Slain by an adder

Skill      XL: |  1  2 |
---------------+-------+-----
Stealth        | 2 3 |  3.9
Fighting       | |  1.0
Crossbows      | |  2.0
Dodging        | |  2.0
Spellcasting   | |  1.0
Hexes          | |  3.0

Action                   || total
-------------------------++-------
Melee: Hand crossbow     ||    13
       Constrict         ||     4
       Tentacles         ||     4
       Dagger            ||    17
 Fire: Hand crossbow     ||    34
  Use: Scroll            ||     3
Armor: Skin              ||    12
Dodge: Dodged            ||    45
Block: Buckler           ||     1
